 Dungeon Crawl Stone Soup version 0.20.0-8-g6b59dc7 (webtiles) character file.

336 Monsterracer the Chopper (level 6, -2/55 HPs)
             Began as a Deep Dwarf Fighter on May 30, 2017.
             Slain by Sigmund
             ... wielding a +0 scythe
              (8 damage)
             ... on level 3 of the Dungeon.
             The game lasted 00:02:15 (1284 turns).

Monsterracer the Chopper (Deep Dwarf Fighter)       Turns: 1284, Time: 00:02:16

Health: -2/55      AC:  6    Str: 25    XL:     6   Next: 28%
Magic:  6/6        EV:  7    Int:  8    God:
Gold:   205        SH: 10    Dex: 14    Spells: 5/5 levels left

rFire    . . .     SeeInvis .   a - +0 war axe
rCold    . . .     Gourm    .   c - +0 shield
rNeg     . . .     Faith    .   b - +0 scale mail
rPois    .         Spirit   .   (no helmet)
rElec    .         Reflect  .   (no cloak)
rCorr    .         Harm     .   (no gloves)
MR       .....                  (no boots)
Stlth    ..........             (no amulet)
Regen    0.0/turn               q - ring of flight
MPRegen  0.1/turn               (no ring)

@: mighty, non-regenerating
A: damage resistance, heal wounds, sense surroundings 1, no regeneration
a: Heal Wounds, Evoke Flight


You were on level 3 of the Dungeon.
You were hungry.

You visited 1 branch of the dungeon, and saw 3 of its levels.

You collected 205 gold pieces.

Inventory:

Hand Weapons
 a - a +0 war axe (weapon)
 n - a +2 mace of protection
Armour
 b - a +0 scale mail (worn)
 c - a +0 shield (worn)
Jewellery
 q - a ring of flight (left hand)
Scrolls
 e - a scroll of magic mapping {unknown}
 h - a scroll of blinking {unknown}
 k - 3 scrolls of amnesia {unknown}
 l - 3 scrolls of identify {unknown}
 m - a scroll of enchant armour {unknown}
 o - 2 scrolls of teleportation {unknown}
 p - a scroll of immolation {unknown}
Comestibles
 f - 3 bread rations
 g - a meat ration
 j - 6 fruits


   Skills:
 - Level 2.6 Fighting
 + Level 7.4 Axes
 - Level 3.2 Armour
 - Level 3.2 Shields


You had 5 spell levels left.
You didn't know any spells.

Dungeon Overview and Level Annotations

Branches:
Dungeon (3/15)

Altars:

Annotations:
D:3 Sigmund


Innate Abilities, Weirdness & Mutations

You are resistant to damage.
You can heal yourself by infusing magical energy.
You passively map a small area around you.
You do not regenerate.


Message History

You barely miss something. You slash the orc!
You kill the orc!
You block the bat's attack.
You miss something. You block the bat's attack. Something hits you.
You barely miss something. The bat closely misses you. Something hits you!
* * * LOW HITPOINT WARNING * * *
You slash something! You closely miss the bat.
The bat hits you but does no damage. Something hits you but does no damage.
You slash something!
You are feeling hungry.
The bat hits you but does no damage. Something hits you!
* * * LOW HITPOINT WARNING * * *
You closely miss something. You hit the bat.
You kill the bat!
Sigmund appears from thin air!
Reactivating autopickup.
You closely miss Sigmund.
Sigmund is heavily wounded.
Sigmund hits you with a scythe!
You die...

* * * ##### , .
#######...#####. ## , ..
................ .# .# ,
.######...###### .# ..#.
.# ##.## ##.#..... , ##
#.# ##.).....# * *
#.######.@@....# * *
#######.#............# *
,
*#....†..#.####..#....#
,
................###.....
* ##.#######.####..#
...#.* #.# ##..,,...., *
, #.# .$. ... #.# *.[##
... , * #.# ..# *,*


You could see Sigmund.

Vanquished Creatures
  Grinder (D:3)
  Jessica (D:2)
  A gnoll (D:1)
  3 adders
  An ooze (D:1)
  A dart slug (D:1)
  5 leopard geckos
  An orc (D:3)
  4 giant cockroaches
  6 goblins
  7 hobgoblins
  8 jackals (D:2)
  3 ball pythons
  7 bats
  4 frilled lizards
  3 kobolds
  4 rats
60 creatures vanquished.

Notes
Turn   | Place    | Note
-------+----------+-------------------------------------------
     0 | D:1      | Monsterracer the Deep Dwarf Fighter began the quest for the Orb.
     0 | D:1      | Reached XP level 1. HP: 20/20 MP: 1/1
    41 | D:1      | Reached skill level 3 in Axes
    42 | D:1      | Reached XP level 2. HP: 27/27 MP: 2/2
    83 | D:1      | Reached XP level 3. HP: 26/33 MP: 3/3
   229 | D:1      | Reached skill level 4 in Axes
   629 | D:2      | Reached XP level 4. HP: 37/40 MP: 4/4
   842 | D:2      | Noticed Jessica
   845 | D:2      | Killed Jessica
   845 | D:2      | Reached skill level 5 in Axes
  1244 | D:3      | Noticed Grinder
  1249 | D:3      | Noticed Sigmund
  1257 | D:3      | Paralysed by Grinder for 5 turns
  1269 | D:3      | Killed Grinder
  1269 | D:3      | Reached skill level 7 in Axes
  1269 | D:3      | Reached XP level 5. HP: 36/46 MP: 5/5
  1269 | D:3      | Reached XP level 6. HP: 42/55 MP: 6/6
  1284 | D:3      | Slain by Sigmund

Skill      XL: |  1  2  3  4 |
---------------+-------------+-----
Axes           | 3 4 7 |  7.4
Fighting       | |  2.6
Armour         | |  3.2
Shields        | |  3.2

Action                   |  1- 3 |  4- 6 || total
-------------------------+-------+-------++-------
Melee: War axe           |    77 |    64 ||   141
  Use: Potion            |     2 |     2 ||     4
  Eat: Chunk             |       |     1 ||     1
Armor: Scale mail        |    45 |    21 ||    66
       Skin              |       |    47 ||    47
Dodge: Dodged            |    37 |    16 ||    53
Block: Shield            |    44 |    44 ||    88
